 Dungeon Crawl Stone Soup version 0.30-a0-439-g9e77e4d916 (webtiles) character file.

Game seed: 8199006056618027618

24 McMuffin the Trooper (level 2, 0/24 HPs)
             Began as a Demonspawn Wanderer on Dec 10, 2022.
             Succumbed to an adder's poison
             ... on level 3 of the Dungeon.
             The game lasted 00:09:06 (914 turns).

McMuffin the Trooper (Demonspawn Wanderer)           Turns: 914, Time: 00:09:07

Health: 0/24       AC:  2    Str: 12    XL:     2   Next: 79%
Magic:  1/4        EV: 11    Int: 16    God:
Gold:   55         SH:  0    Dex:  9    Spells: 2/4 levels left

rFire   . . .      SeeInvis .    a - +3 mace
rCold   . . .      Faith    .    (no shield)
rNeg    . . .      Spirit   .    c - +0 robe
rPois   .          Reflect  .    (no helmet)
rElec   .          Harm     .    (no cloak)
rCorr   .          Rampage  .    (no gloves)
Will    .....                    (no boots)
Stlth   +.........               m - amulet of the acrobat
HPRegen 0.24/turn                (no ring)
MPRegen 0.18/turn                (no ring)

@: lethally poisoned (0 -> -1), very slightly contaminated
A: magic regeneration
a: no special abilities


You were on level 3 of the Dungeon.
You visited 1 branch of the dungeon, and saw 4 of its levels.

You collected 55 gold pieces.

Inventory:

Hand Weapons
 a - a +3 mace (weapon)
Missiles
 i - a throwing net
Armour
 c - a +0 robe (worn)
Jewellery
 m - an amulet of the acrobat (around neck)
Scrolls
 d - a scroll of identify {unknown}
 e - 2 scrolls of teleportation {unknown}
 g - a scroll of magic mapping {unknown}
 h - a scroll of brand weapon {unknown}
 j - a scroll of fear {unknown}
 l - a scroll of enchant weapon {unknown}
 n - a scroll of noise {unknown}
Potions
 b - a potion of attraction
 f - a potion of might {unknown}
 k - 3 potions of mutation {unknown}


   Skills:
 + Level 3.2 Fighting
 - Level 3.1 Maces & Flails
 - Level 1.9 Throwing
 + Level 0.1 Dodging
 * Level 1.5 Spellcasting
 + Level 0.2 Transmutations
 + Level 1.0 Poison Magic


You had 2 spell levels left.
You knew the following spells:

 Your Spells              Type           Power      Damage    Failure   Level
a - Sting                 Tmut/Pois      12%        1d3       17%         1
b - Freeze                Ice            4%         1d3       22%         1

Your spell library contained the following spells:

 Spells                   Type           Power      Damage    Failure   Level
 Spider Form              Tmut/Pois      3%         N/A       45%         3
 Frozen Ramparts          Ice            2%         1d1       54%         3
 Hailstorm                Conj/Ice       1%         3d3       54%         3


Dungeon Overview and Level Annotations

Branches:
Dungeon (4/15)
 Temple: D:4-7

Altars:

Shops:
D:1 ?   D:2 [?


Innate Abilities, Weirdness & Mutations

You regenerate magic rapidly.


Message History

The adder is lightly wounded.
The adder bites you.
Aiming: Freeze (safe; 22% risk of failure)
Press: ? - help, Q - select action, (/) - cycle Shift-Dir - straight line, f/p - adder
Aim: an adder (lightly wounded)
You freeze the adder.
The adder is lightly wounded.
The adder seems to slow down.
The adder barely misses you.
Aiming: Freeze (safe; 22% risk of failure)
Press: ? - help, Q - select action, (/) - cycle Shift-Dir - straight line, f/p - adder
Aim: an adder (lightly wounded, slow)
You miscast Freeze.
Nothing appears to happen.
The adder closely misses you.
Unknown command.
Aiming: Freeze (safe; 22% risk of failure)
Press: ? - help, Q - select action, (/) - cycle Shift-Dir - straight line, f/p - adder
Aim: an adder (lightly wounded, slow)
You freeze the adder.
The adder is moderately wounded.
The adder bites you.
You are poisoned.
The adder poisons you!
You don't have enough magic to cast this spell.
You barely miss the adder.
The adder is moderately wounded.
You feel sick. The adder closely misses you.
You thump the adder!
The adder is almost dead.
You feel sick.
The adder is no longer moving slowly.
The adder closely misses you.
You completely miss the adder.
The adder is almost dead.
You feel sick. The adder bites you.
* * * LOW HITPOINT WARNING * * *
The adder bites you.
* * * LOW HITPOINT WARNING * * *
You miss the adder.
The adder is almost dead.
You die...

#......#.#
#...#.#
#......#.#
####......
#######.#
#......#.#
#.......#
#.####....
#.#######
#.#..<#.#.
#.#
#.#.###.#>
#.# # #.#
.....
#.###.###
#.#####...
#..@S...#
#.........
#####.#.#
#####.....
# ###.#...
##...#...
#..######
#.##.....
#.#..####
#.#.##
#.#.#


You could see an adder.

Vanquished Creatures
  A dart slug (D:1)
  2 endoplasms
  2 giant cockroaches
  2 goblins (D:1)
  2 hobgoblins
  3 quokkas (D:1)
  A bat (D:1)
  A frilled lizard (D:1)
  3 kobolds (D:2)
  2 rats (D:2)
  A spectral kobold (D:1)
20 creatures vanquished.

Notes
Turn   | Place    | Note
-------+----------+-------------------------------------------
     0 | D:1      | McMuffin the Demonspawn Wanderer began the quest for the
                  | Orb.
     0 | D:1      | McMuffin set off with the following items: a +3 mace, a
                  | potion of attraction, a +0 robe; and the following spell
                  | memorised: Sting; and the following spells available to
                  | memorise: Spider Form.
     0 | D:1      | Reached XP level 1. HP: 18/18 MP: 2/2
   157 | D:1      | Gained mutation: You regenerate magic rapidly. [demonic
                  | ancestry]
   157 | D:1      | Reached XP level 2. HP: 7/24 MP: 1/3
   203 | D:1      | Learned a level 1 spell: Freeze
   246 | D:1      | Found a faded altar of an unknown god.
   319 | D:1      | Found Xuley's Magic Scroll Emporium.
   494 | D:2      | Found Unaakh's Antique Armour Shoppe.
   558 | D:2      | Found Zafum's Magic Scroll Boutique.
   759 | D:2      | You fall into a shaft and drop 2 floors!
   913 | D:3      | HP: 1/24 [adder (4)]
   914 | D:3      | Succumbed to an adder's poison

Illustrated notes

Levels and vault maps discovered:
D:1:      nzn_arrival_settlement, layout_basic,
          dreamdust_ecumenical_altar_drowned_temple, serial_shops, shop,
          fountainhead
D:2:      layout_basic, serial_shops, shop, shop, nicolae_lakefront_shop,
          hex_large
D:3:      layout_basic, nicolae_overflow_crystal_walls, serial_co_window_serial,
          co_window_cross_1, co_window_paths_a, co_window_paths_b,
          co_window_paths_a, co_window_corner_a, co_window_corner_a,
          co_window_corner_a, co_window_corner_a, co_window_of_opportunity_a,
          co_window_broadway_b, co_window_broadway_c, co_window_2corner,
          co_window_corner_cb, co_window_cross_3, co_window_corner_ca,
          co_window_corner_cb, glass_columns_c, glass_columns_a,
          glass_columns_c, glass_columns_a
D:4:      layout_gridville

Skill      XL: |  1 |
---------------+----+-----
Maces & Flails | 3 |  3.1
Fighting       | |  3.2
Throwing       | |  1.9
Dodging        | |  0.1
Spellcasting   | |  1.5
Transmutations | |  0.2
Poison Magic   | |  1.0

Action                   || total
-------------------------++-------
Melee: Mace              ||    40
 Cast: Sting             ||    10
       Freeze            ||    12
Armor: Robe              ||     9
Dodge: Dodged            ||    31

Table legend: (Time is in decaauts)
 A = Elapsed time spent in this place.
 B = Non-inter-level travel time spent in this place.
 C = Inter-level travel time spent in this place.
 D = Time resting spent in this place.
 E = Time spent auto-exploring this place.
 F = Levels seen in this place.
 G = Mean time per level.
                   A        B        C        D        E       F      G
               +--------+--------+--------+--------+--------+-----+--------+
         Total |    928 |    928 |      0 |      0 |      0 |   4 |  232.0 |
       Dungeon |    928 |    928 |      0 |      0 |      0 |   4 |  232.0 |
               +--------+--------+--------+--------+--------+-----+--------+

Top non-repeatable levels by time:
     D:1: 480 daAuts
     D:2: 290 daAuts
     D:3: 150 daAuts
     D:4: 6 daAuts
